 Dungeon Crawl Stone Soup version 0.23.2-33-g5129a83184 (console) character file.

Game seed: 1284538840129949035

487 Kalimero the Shield-Bearer (level 6, -8/56 HPs)
             Began as a Minotaur Fighter on July 24, 2019.
             Was a Follower of Nemelex Xobeh.
             Mangled by an ogre
             ... wielding a +0 giant club
              (12 damage)
             ... on level 5 of the Dungeon.
             The game lasted 00:41:05 (4322 turns).

Kalimero the Shield-Bearer (Minotaur Fighter)       Turns: 4322, Time: 00:41:05

Health: -8/56      AC: 14    Str: 23    XL:     6   Next: 89%
Magic:  5/5        EV:  8    Int:  5    God:    Nemelex Xobeh [*.....]
Gold:   311        SH: 10    Dex:  9    Spells: 5/5 levels left

rFire    . . .     SeeInvis .   i - +2 dagger (protect)
rCold    . . .     Gourm    .   c - +0 shield
rNeg     . . .     Faith    .   b - +0 scale mail
rPois    .         Spirit   .   (helmet restricted)
rElec    .         Reflect  .   (no cloak)
rCorr    .         Harm     .   (no gloves)
MR       .....                  (no boots)
Stlth    ..........             (no amulet)
HPRegen  0.18/turn              (no ring)
MPRegen  0.09/turn              (no ring)

@: protection aura
A: retaliatory headbutt, horns 2
a: Draw Escape, Draw Destruction, Draw Summoning, Renounce Religion


You were on level 5 of the Dungeon.
You worshipped Nemelex Xobeh.
Nemelex Xobeh was aware of your devotion.
You were not hungry.

You visited 1 branch of the dungeon, and saw 5 of its levels.

You collected 311 gold pieces.

Inventory:

Hand Weapons
 a - a +0 war axe
 g - a +0 club
 i - a +2 dagger of protection (weapon)
 m - a +0 dagger
 q - a +0 short sword
 s - a +0 club
 u - a +0 short sword
 v - a +0 club
 w - a +0 club
 y - a +0 club
 A - a +0 club
 B - a +0 club
 F - a +0 short sword
 G - a +0 dagger
 J - a +0 club
 O - a +0 club
 R - a +1 short sword of venom
 S - a +0 flail
 W - a +0 trident
 X - a +0 trident
Missiles
 n - 111 stones (quivered)
 p - 40 sling bullets
Armour
 b - a +0 scale mail (worn)
 c - a +0 shield (worn)
 H - a +0 robe
 V - a +0 scale mail
Jewellery
 M - an uncursed amulet of guardian spirit {unknown}
Wands
 t - a wand of random effects (19)
Scrolls
 h - 2 scrolls of teleportation {unknown}
 j - a scroll of amnesia {unknown}
 k - 3 scrolls of remove curse {unknown}
 x - a scroll of enchant weapon {unknown}
 C - 3 scrolls of identify {unknown}
 I - a scroll of fog {unknown}
 L - a scroll of magic mapping {unknown}
Potions
 d - 4 potions of might
 e - a potion of agility
 l - a potion of degeneration {unknown}
 o - a potion of magic {unknown}
 r - a potion of invisibility {unknown}
 z - 2 potions of ambrosia {unknown}
 D - 3 potions of lignification {unknown}
 E - a potion of haste {unknown}
 T - a potion of heal wounds
Comestibles
 f - 7 rations


   Skills:
 + Level 5.6 Fighting
 + Level 4.9 Axes
 + Level 5.6 Armour
 + Level 5.6 Shields


You had 5 spell levels left.
You didn't know any spells.
Your spell library contained the following spells:

 Spells                   Type           Power        Failure   Level  Hunger
 Magic Dart               Conj           #...         99%         1    ##.....
 Summon Small Mammal      Summ           #...         99%         1    ##.....
 Blink                    Tloc           N/A          99%         2    ###....
 Call Imp                 Summ           #.......     99%         2    ###....
 Slow                     Hex            #.......     99%         2    ###....
 Conjure Flame            Conj/Fire      #.......     100%        3    ####...
 Mephitic Cloud           Conj/Pois/Air  #.......     100%        3    ####...
 Summon Lightning Spire   Summ/Air       #.......     100%        4    #####..
 Silence                  Hex/Air        #.........   100%        5    ######.
 Discord                  Hex            #.........   100%        8    #######


Dungeon Overview and Level Annotations

Branches:
Dungeon (5/15)             Temple (0/1) D:4

Altars:
Nemelex Xobeh


Innate Abilities, Weirdness & Mutations

You reflexively headbutt those who attack you in melee.
You have a pair of horns on your head.


Message History

The ogre is moderately wounded.
The ogre hits you but does no damage.
You barely miss the ogre.
The ogre is moderately wounded.
You block the ogre's attack.
You completely miss the ogre.
The ogre is moderately wounded.
You hit the ogre.
Your weapon exudes an aura of protection.
The ogre is heavily wounded.
The ogre hits you with a +0 giant club.
You hit the ogre. Your headbutt misses the ogre.
The ogre is heavily wounded.
The ogre hits you with a +0 giant club!
* * * LOW HITPOINT WARNING * * *
You hit the ogre.
The ogre is severely wounded.
The ogre hits you with a +0 giant club!
You die...
Your body disappears without a glow.

##.......##...##.....##......#
#...##...##...##.....##.....##
+...##...##..........########
#....................#
#####...................#
#..##.......##...##.....#
............##...##.....#
.......##...##...########
#..##..##...##...#
#####..#....##...#
#...#....##(O@#
#...#...(((..........
#...#................
##..#....##...###....
######..##...# '## .. ..... ..
...... . .......


You could see an ogre.

Vanquished Creatures
  A phantom (D:5)
  A necrophage (D:3)
  A scorpion (D:5)
  A hound (D:4)
  Jessica (D:2)
  Natasha (D:2)
  A worker ant (D:5)
  A howler monkey zombie (D:5)
  A gnoll (D:1)
  5 adders
  An ooze (D:2)
  A worm (D:3)
  2 dart slugs
  3 leopard geckos
  5 orcs
  2 ball pythons
  6 bats
  5 giant cockroaches
  10 hobgoblins
  5 jackals
  9 kobolds
  2 quokkas
  6 frilled lizards
  7 goblins
  A quokka skeleton (D:4)
  6 rats
85 creatures vanquished.

Notes
Turn   | Place    | Note
-------+----------+-------------------------------------------
     0 | D:1      | Kalimero the Minotaur Fighter began the quest for the Orb.
     0 | D:1      | Reached XP level 1. HP: 19/19 MP: 0/0
   302 | D:1      | Reached XP level 2. HP: 27/27 MP: 1/1
   507 | D:1      | Reached XP level 3. HP: 32/33 MP: 2/2
  1334 | D:2      | Reached XP level 4. HP: 40/40 MP: 3/3
  1455 | D:2      | Noticed Natasha
  1474 | D:2      | Killed Natasha
  1721 | D:2      | Found a sparkling altar of Nemelex Xobeh.
  1721 | D:2      | Noticed Jessica
  1723 | D:2      | Killed Jessica
  1723 | D:2      | Reached XP level 5. HP: 47/47 MP: 4/4
  2165 | D:2      | Became a worshipper of Nemelex Xobeh the Trickster
  2405 | D:3      | Received a gift from Nemelex Xobeh
  2603 | D:3      | Noticed a necrophage
  2614 | D:3      | Killed a necrophage
  2614 | D:3      | Reached skill level 5 in Fighting
  2614 | D:3      | Reached skill level 5 in Armour
  2614 | D:3      | Reached skill level 5 in Shields
  2738 | D:3      | Found a sparkling altar of Nemelex Xobeh.
  3022 | D:4      | Reached XP level 6. HP: 54/56 MP: 5/5
  3028 | D:4      | Found a staircase to the Ecumenical Temple.
  3159 | D:4      | Reached * piety under Nemelex Xobeh
  3215 | D:4      | Received a gift from Nemelex Xobeh
  3706 | D:5      | Entered Level 5 of the Dungeon
  4280 | D:5      | Identified the Almanac of the Entourage and the Oath
  4322 | D:5      | Mangled by an ogre

Skill      XL: |  1  2  3  4  5 |
---------------+----------------+-----
Armour         | 4 5 |  5.6
Fighting       | 4 5 |  5.6
Shields        | 4 5 |  5.6
Axes           | 3 4 |  4.9

Action                   |  1- 3 |  4- 6 || total
-------------------------+-------+-------++-------
Melee: Dagger            |   109 |   165 ||   274
       War axe           |    13 |       ||    13
       Headbutt          |    11 |    29 ||    40
Throw: Stone             |       |    63 ||    63
  Use: Potion            |       |     2 ||     2
  Eat: Ration            |     1 |     2 ||     3
       Chunk             |       |     1 ||     1
Armor: Scale mail        |    60 |    69 ||   129
Dodge: Dodged            |    29 |    40 ||    69
Block: Shield            |    54 |    67 ||   121
